 Dungeon Crawl Stone Soup version 0.31-a0-1616-gbeaec30b81 (webtiles) character file.

Game seed: 14186452014361607332

492316 Laraso the Bringer of Law (level 23, -35/190 HPs)
             Began as a Red Draconian Hexslinger on Jan 11, 2024.
             Was the Champion of Zin.
             Annihilated by an Ice Fiend (45 damage)
             ... summoned by a dread lich
             ... while paralysed by a dread lich
             ... on level 5 of the Vaults.
             The game lasted 02:04:10 (55852 turns).

Laraso the Bringer of Law (DrHs)                   Turns: 55852, Time: 02:04:10

Health: -35/190    AC: 16    Str: 14    XL:     23   Next: 61%
Magic:  40/40      EV:  2    Int: 20    God:    Zin [******]
Gold:   5364       SH:  0    Dex: 36    Spells: 9/30 levels left

rFire   + . .        a - +3 longbow (flame)
rCold   . . .        (shield currently unavailable)
rNeg    . . .        (body armour unavailable)
rPois   .            s - +2 hat
rElec   .            u - scarf {repulsion}
rCorr   .            y - +1 pair of gloves of the Green Turtle {Int+6 Dex+3}
SInv    .            E - +0 pair of boots "Kypruass" {Slay+6}
Will    +....        p - amulet of regeneration
Stlth   +++++        N - ring of Peace {Fly EV+5 Str+3 Dex+3}
HPRegen 1.31/turn    i - +6 ring of dexterity
MPRegen 0.27/turn

%: repel missiles
@: paralysed, on recite cooldown, flying, slowed, studying Conjurations
A: breathe fire, AC +11, unfitting armour, fire resistance 1, cold-blooded
}: 3/15 runes: decaying, serpentine, abyssal
a: Breathe Fire, Renounce Religion, Recite, Vitalisation, Imprison, Sanctuary,
Donate Gold


You were on level 5 of the Vaults.
You worshipped Zin.
Zin was exalted by your worship.
You visited 9 branches of the dungeon, and saw 43 of its levels.
You visited the Abyss 3 times.
You also visited: Bailey and Wizlab.

You collected 8053 gold pieces.
You spent 2409 gold pieces at shops.
You donated 280 gold pieces to Zin.

Inventory:

Hand Weapons
 a - a +3 longbow of flaming (weapon)
 b - a +0 heavy arbalest
 d - a +0 hand cannon of freezing
Missiles
 C - 10 throwing nets
Armour
 s - a +2 hat (worn)
 u - a scarf of repulsion (worn)
 y - the +1 pair of gloves of the Green Turtle (worn) {Int+6 Dex+3}
   (You found it on level 8 of the Dungeon)

   Int+6:     It affects your intelligence (+6).
   Dex+3:     It affects your dexterity (+3).
 E - the +0 pair of boots "Kypruass" (worn) {Slay+6}
   (You acquired it on level 1 of the Dungeon)

   Slay+6:    It affects your accuracy & damage with ranged weapons and melee
   (+6).
 T - a +2 cloak
Jewellery
 i - a +6 ring of dexterity (right hand)
 p - an amulet of regeneration (around neck)
 t - a ring of fire
 x - the ring of Jolaa {*Slow +Blink rElec rC+ Int+2}
   (You found it on level 2 of the Depths)

   [ring of protection from cold]

   Int+2:     It affects your intelligence (+2).
   rC+:       It protects you from cold.
   rElec:     It insulates you from electricity.
   +Blink:    It lets you blink.
   *Slow:     It may slow you when you take damage.
 B - a ring of willpower
 L - an amulet of magic regeneration
 N - the ring of Peace (left hand) {Fly EV+5 Str+3 Dex+3}
   (You took it off a deep elf demonologist on level 3 of the Elven Halls)

   [ring of evasion]

   EV+5:      It affects your evasion (+5).
   Str+3:     It affects your strength (+3).
   Dex+3:     It affects your dexterity (+3).
   Fly:       It grants you flight.
 Q - a ring of resist corrosion
 S - a ring of protection from cold
 V - a ring of see invisible
 Y - the dreamshard necklace {Acrobat *Dream}
   (You took it off a deep elf annihilator on level 3 of the Elven Halls)

   [amulet of the acrobat]

   *Dream:    It absorbs a single lethal wound into itself, holding its wearer
   just short of death and releasing dream-creatures to guard them.
   Acrobat:   It increases your evasion while moving and waiting.
Wands
 f - a wand of mindburst (17)
 q - a wand of iceblast (53)
 r - a wand of flame (81)
 v - a wand of charming (49)
 D - a wand of digging (10)
 R - a wand of quicksilver (18)
Scrolls
 n - 5 scrolls of immolation
 w - 8 scrolls of poison
 z - 11 scrolls of teleportation
 A - 3 scrolls of noise
 G - 4 scrolls of vulnerability
 H - 9 scrolls of butterflies
 I - 2 scrolls of silence
 K - 4 scrolls of blinking
 M - 9 scrolls of fear
 P - 4 scrolls of fog
 W - a scroll of revelation
Potions
 c - 6 potions of heal wounds
 e - 19 potions of curing
 g - 5 potions of brilliance
 j - 6 potions of magic
 k - 2 potions of resistance
 l - 2 potions of ambrosia
 m - 4 potions of might
 o - 7 potions of haste
 F - 3 potions of cancellation
 J - 9 potions of enlightenment
 O - a potion of invisibility
 X - 2 potions of attraction
Miscellaneous
 h - a condenser vane


   Skills:
 * Level 12.5 Fighting
 - Level 20.0 Ranged Weapons
 - Level 22.0 Dodging
 - Level 7.0 Stealth
 - Level 4.0 Spellcasting
 - Level 7.0 Hexes
 - Level 4.0 Translocations
 - Level 1.2 Fire Magic
 - Level 4.0 Air Magic
 O Level 27 Invocations


You had 9 spell levels left.
You knew the following spells:

 Your Spells              Type           Power      Damage    Failure   Level
a - Jinxbite              Hex            64%        N/A       1%          2
b - Blink                 Tloc           40%        N/A       3%          2
c - Apportation           Tloc           40%        N/A       2%          1
d - Slow                  Hex            100%       N/A       1%          1
e - Silence               Hex/Air        13%        N/A       36%         5
f - Cause Fear            Hex            16%        N/A       7%          4
s - Swiftness             Air            20%        N/A       8%          3
v - Dazzling Flash        Conj/Hex       36%        N/A       9%          3

Your spell library contained the following spells:

 Spells                   Type           Power      Damage    Failure   Level
 Confusing Touch          Hex            32%        N/A       2%          3
 Sigil of Binding         Hex            32%        N/A       2%          3
 Lesser Beckoning         Tloc           40%        N/A       3%          2
 Shock                    Conj/Air       48%        1d6       5%          1
 Inner Flame              Hex/Fire       20%        N/A       7%          3
 Gell's Gravitas          Tloc           20%        N/A       8%          3
 Mercury Vapours          Alch/Air       24%        N/A       9%          2
 Momentum Strike          Conj/Tloc      24%        3d8       9%          2
 Static Discharge         Conj/Air       24%        3-4/arc   9%          2
 Cigotuvi's Dreadful Rot  Necr/Alch/Air  18%        N/A       12%         2
 Kiss of Death            Conj/Necr      16%        2d6       13%         1
 Magic Dart               Conj           16%        1d3       13%         1
 Necrotise                Necr           16%        1d4       13%         1
 Sandblast                Erth           8%         2d5       13%         1
 Sting                    Conj/Alch      16%        1d4       13%         1
 Summon Small Mammal      Summ           16%        N/A       13%         1
 Volatile Blastmotes      Fire/Tloc      28%        2d12      13%         3
 Dimensional Bullseye     Hex/Tloc       13%        N/A       13%         4
 Call Imp                 Summ           8%         N/A       19%         2
 Mephitic Cloud           Conj/Alch/Air  9%         N/A       22%         3
 Airstrike                Air            10%        2d(2-18)  24%         4
 Vhi's Electric Charge    Tloc/Air       40%        N/A       24%         4
 Call Canine Familiar     Summ           4%         N/A       36%         3
 Passwall                 Erth           4%         N/A       36%         3
 Stone Arrow              Conj/Erth      8%         3d7       36%         3
 Vampiric Draining        Necr           4%         2d6       36%         3
 Summon Mana Viper        Hex/Summ       18%        N/A       63%         5
 Flame Wave               Conj/Fire      6%         2d5       69%         4
 Ignite Poison            Fire/Alch      6%         N/A       69%         4
 Sticky Flame             Fire/Alch      6%         2d4       69%         4
 Brom's Barrelling Bould  Conj/Erth      4%         2d3       77%         4
 Dispel Undead            Necr           4%         3d7       77%         4
 Leda's Liquefaction      Alch/Erth      2%         N/A       77%         4
 Olgreb's Toxic Radiance  Alch           4%         N/A       77%         4
 Arcjolt                  Conj/Air       6%         1d16      83%         5
 Summon Forest            Summ/Tloc      6%         N/A       83%         5
 Freezing Cloud           Conj/Ice/Air   4%         6-21      91%         5
 Fireball                 Conj/Fire      3%         3d4       95%         5
 Alistair's Intoxication  Alch           2%         N/A       98%         5
 Curse of Agony           Necr           4%         N/A       98%         5
 Iskenderun's Battlesphe  Conj           4%         2d6       98%         5
 Conjure Ball Lightning   Conj/Air       6%         3x3d6     100%        6
 Eringya's Noxious Bog    Alch           2%         4d6       100%        6
 Plasma Beam              Fire/Air       7%         2x1d17    100%        6
 Sculpt Simulacrum        Ice/Alch       2%         N/A       100%        6
 Starburst                Conj/Fire      3%         6d3       100%        6
 Summon Cactus Giant      Summ           2%         N/A       100%        6
 Haunt                    Necr/Summ      2%         N/A       100%        7
 Malign Gateway           Summ/Tloc      6%         N/A       100%        7
 Orb of Destruction       Conj           2%         9d5       100%        7
 Ozocubu's Refrigeration  Ice            2%         4d7       100%        7
 Lehudib's Crystal Spear  Conj/Erth      2%         10d2      100%        8
 Maxwell's Capacitive Co  Air            10%        ∞         100%        8
 Polar Vortex             Ice            2%         N/A       100%        9
 Animate Armour           Summ/Erth      Unusable   N/A       N/A         4

Dungeon Overview and Level Annotations

Branches:
Dungeon (15/15)            Temple (1/1) D:7            Lair (5/5) D:8
  Swamp (4/4) Lair:3        Snake (4/4) Lair:2        Slime (0/5) Lair:4
    Orc (2/2) D:9             Elf (3/3) Orc:2        Vaults (5/5) D:13
  Crypt (0/3) Vaults:2     Depths (4/4) D:15         Bailey (visited)
 WizLab (visited)
    Zot: Depths:4

Altars:
Ashenzari
Cheibriados
Dithmenos
Elyvilon
Fedhas
Gozag
Hepliaklqana
Kikubaaqudgha
Makhleb
Nemelex Xobeh
Okawaru
Qazlal
Ru
Sif Muna
Trog
Uskayaw
Vehumet
Wu Jian
Xom
Yredelemnul
Zin
The Shining One
Jiyva

Shops:
D:1 ?[!?!   D:11 :!:   Orc:2 ([((   Elf:2 :=:   Snake:2 [**

Portals:
Hell: Depths:1 Depths:2 Depths:3 Depths:4
Abyss: Depths:3
Pandemonium: Depths:2
Ziggurat: Depths:4
Trove: Vaults:1 (lose all piety)

Annotations:
D:2 Sigmund
Swamp:1 3 runed translucent doors, Kikiss's ghost, adept DrSh
Snake:4 1 runed translucent door, Noblape's ghost, adept OnBe
Elf:2 3 runed translucent doors
Vaults:1 3 runed translucent doors, exclusion: door
Depths:4 Mennas


Innate Abilities, Weirdness & Mutations

You can breathe blasts of fire.
Your fiery red scales are hard. (AC +11)
You cannot fit into any form of body armour.
Your flesh is heat resistant. (rF+)
You are cold-blooded and may be slowed by cold attacks.


Message History

The Ice Fiend is blasted by Zin's holy word!
Something completely misses you.
The Ice Fiend is lost in a daze.
Unknown command.
You shoot an arrow. Something completely misses you.
Unknown command.
You shoot an arrow. "...were not lawful!
And hearing this, the people rose up..."
Something barely misses you.
A phantasmal warrior comes into view.
Unknown command.
You shoot an arrow. "...and embraced lawfulness, for they feared Zin's wrath."
The phantasmal warrior is limned with silver light.
You finish reciting Abominations 2:65.
Something touches you but does no damage.
The Ice Fiend completely misses you.
The Ice Fiend claws you but does no damage.
You shoot an arrow.
You hear some strange, mumbled words.
You suddenly lose the ability to move!
The phantasmal warrior gestures at you.
The phantasmal warrior blinks!
The Ice Fiend gestures at you. The bolt of cold hits you!!!
* * * LOW HITPOINT WARNING * * *
Something touches you but does no damage.
You hear some strange, mumbled words.
The Ice Fiend gestures at you. The bolt of cold hits you!
* * * LOW HITPOINT WARNING * * *
Something touches you but does no damage.
A titan comes into view.
A deep troll earth mage comes into view.
The vault warden hits you with a +2 broad axe!!
* * * LOW HITPOINT WARNING * * *
A dread lich comes into view.
The Ice Fiend claws you!
* * * LOW HITPOINT WARNING * * *
The Ice Fiend freezes you!!!
You feel yourself slow down.
You die...

#....#.#.#. .
#....#.#..## ..
#....#.....
...#....#...#
............
##.....W[[#####
.....<1{p.....?
....<1[@(......
.....<<(.......
.....[...[.....
##........#####
T.........L
...#....#...
#.C#....#..##
#. #....#..#


You could see a titan, a dread lich, a Brimstone Fiend (summoned), an Ice Fiend
(summoned, dazed), a vault warden, a phantasmal warrior (corona) and a deep
troll earth mage.

Vanquished Creatures
  Frederick (Depths:4)
  Boris (twice) (Vaults:2 Vaults:4)
  Vashnia (Snake:3)
  Bai Suzhen (Depths:2)
  Saint Roka (Orc:2)
  4 golden dragons (Depths:3)
  2 bone dragons
  A mutant beast (WizLab)
  7 tentacled monstrosities
  A walking crystal tome (Depths:1)
  2 deep elf blademasters (Elf:3)
  3 liches
  2 deep elf master archers
  3 quicksilver dragons
  4 sphinxes
  2 titans
  2 shadow dragons
  Kirke (D:12)
  3 tengu reavers
  5 storm dragons
  7 tentacled starspawn
  5 nagarajas (Snake:4)
  Agnes (Lair:2)
  5 thorn hunters (Swamp:4)
  Roxanne (Snake:1)
  10 frost giants
  10 deep elf sorcerers
  2 iron dragons
  A fenstrider witch (Swamp:3)
  Louise (Elf:2)
  6 fire giants
  4 deep elf elementalists (Elf:3)
  A balrug (Depths:1)
  2 orc warlords
  8 ghouls
  10 vault wardens
  18 ironbound preservers
  7 stone giants
  3 eleionomae
  Nessos (Lair:4)
  2 starflowers (Abyss:3)
  10 deep elf demonologists
  22 very ugly things
  A black draconian (shapeshifter) (Depths:2)
  3 ironbound thunderhulks
  6 deep elf death magi (Elf:3)
  7 deep elf annihilators (Elf:3)
  5 bunyips
  10 war gargoyles
  8 dire elephants
  A minotaur (shapeshifter) (Depths:2)
  6 ettins
  A green death (Abyss:3)
  2 fire dragons (Depths:3)
  3 crystal guardians
  2 deep elf high priests (Elf:3)
  An entropy weaver (Vaults:4)
  12 yaktaur captains
  8 shambling mangroves
  4 rakshasas
  2 spriggan air magi
  4 great orbs of eyes
  3 ice dragons
  9 ironbound frosthearts
  29 vault guards
  4 centaur warriors
  A ghost crab (Swamp:3)
  3 salamander tyrants (Snake:4)
  4 peacekeepers
  6 radroaches (WizLab)
  A spriggan skeleton (Abyss:3)
  2 two-headed ogres (shapeshifter)
  3 two-headed ogres
  13 hydras
  10 naga warriors
  11 anacondas
  10 alligators
  A death knight (D:14)
  32 dancing weapons
  10 boulder beetles
  3 deep troll earth magi
  A vampire mage (Depths:3)
  4 deep troll shamans
  2 thrashing horrors (Abyss:3)
  9 death yaks
  An orc high priest (Orc:1)
  5 spriggan berserkers
  An occultist (Abyss:3)
  2 shock serpents (shapeshifter)
  13 deep elf knights
  Sonja (Lair:2)
  3 skysharks
  7 shock serpents
  14 naga sharpshooters
  7 salamander mystics
  5 wretched stars
  2 iron trolls
  8 goliath frogs
  7 spectral anacondas (Snake:2)
  7 glowing orange brains
  7 naga ritualists
  6 mana vipers
  A skyshark (shapeshifter) (Depths:2)
  3 anaconda zombies (Snake:2)
  3 spectral hydras (Swamp:4)
  7 spriggan druids
  70 deep trolls
  An orange crystal statue (Depths:2)
  16 deep elf archers
  A sun moth (shapeshifter) (WizLab)
  A swamp dragon (shapeshifter) (WizLab)
  2 glowing orange brains (shapeshifter) (WizLab)
  5 arcanists
  6 swamp dragons
  11 ironbound convokers
  14 lindwurms
  A lindwurm (shapeshifter) (WizLab)
  9 harpies
  12 bog bodies
  4 phantasmal warriors
  3 obsidian statues (Depths:2)
  11 starcursed masses
  26 deep elf zephyrmancers
  2 necromancers
  7 orc knights
  4 anaconda skeletons (Snake:2)
  9 large abominations
  2 fauns (shapeshifter)
  20 deep elf pyromancers
  2 orc sorcerers
  27 ugly things
  A shining eye (shapeshifter) (WizLab)
  7 oklob plants
  4 will-o-the-wisps
  19 salamanders
  A moth of wrath (shapeshifter) (Depths:2)
  6 cyclopes
  33 black mambas
  3 kobold blastminers (Orc:1)
  A mana viper (shapeshifter) (WizLab)
  A cyclops (shapeshifter) (WizLab)
  15 naga magi
  13 elephants
  23 vault sentinels
  2 water nymphs (shapeshifter) (WizLab)
  An eye of devastation (shapeshifter) (Depths:2)
  2 torpor snails
  9 guardian serpents
  3 torpor snails (shapeshifter)
  A cane toad (shapeshifter) (Depths:2)
  A gargoyle (D:13)
  A molten gargoyle (Depths:2)
  5 smoke demons
  16 cane toads
  Maggie (D:9)
  7 rime drakes
  30 yaktaurs
  11 komodo dragons
  3 tengu conjurers
  5 anaconda simulacra (Snake:2)
  An efreet (Abyss:3)
  3 freezing wraiths
  A kobold demonologist (D:11)
  An ancient zyme (Abyss:3)
  A queen bee (shapeshifter) (D:14)
  3 polar bears (Lair:5)
  A hydra zombie (Swamp:4)
  A wind drake (shapeshifter) (WizLab)
  A polar bear (shapeshifter) (WizLab)
  A wind drake (Depths:2)
  29 hornets
  10 tyrant leeches
  6 trolls
  A harpy skeleton (Abyss:3)
  16 blink frogs
  A dream sheep (Lair:5)
  A glass eye (shapeshifter) (Vaults:5)
  Prince Ribbit (Lair:1)
  2 hydra skeletons (Swamp:4)
  A slime creature (shapeshifter) (Depths:2)
  14 air elementals
  7 glass eyes
  A ynoxinul (Abyss:3)
  A vampire (D:12)
  18 spriggans
  4 wyverns
  13 slime creatures
  6 wraiths
  10 water elementals
  50 yaks
  4 basilisks
  6 wargs
  14 vampire mosquitoes
  A steam dragon (Lair:4)
  2 hogs (D:12)
  A hog (shapeshifter) (Elf:1)
  9 fire elementals
  Grum (Bailey)
  An iron golem (WizLab)
  A neqoxec (Abyss:3)
  3 redbacks (shapeshifter)
  A chaos spawn (Abyss:3)
  A redback (Abyss:3)
  4 swamp worms (shapeshifter)
  44 nagas
  13 swamp worms
  3 acid dragons
  10 water moccasins
  3 hydra simulacra (Swamp:4)
  4 swamp drakes (Swamp:4)
  53 orc warriors
  6 black bears
  An ice beast (D:8)
  A sky beast (D:8)
  2 swamp dragon zombies (Swamp:4)
  10 ogres
  The ghost of variable76 the Ruffian, an amateur DrSh of Wu Jian (D:3)
  2 centaurs
  8 small abominations
  23 wolves
  A centaur (shapeshifter) (Elf:1)
  5 boggarts (Lair:5)
  A swamp dragon skeleton (Swamp:4)
  A phantom (D:6)
  Blork the orc (D:6)
  3 kobold brigands
  A brain worm (Abyss:2)
  9 gnoll sergeants
  15 bullfrogs
  2 scorpions
  4 necrophages (Swamp:3)
  13 earth elementals
  4 wights (D:7)
  15 killer bees
  6 howler monkeys
  4 electric eels (D:7)
  3 quasits (D:3)
  4 gnoll boudas (Bailey)
  26 orc priests
  3 jellies
  5 hounds
  A sleepcap (D:8)
  3 iguanas
  37 orc wizards
  7 adders
  22 gnolls
  2 swamp drake zombies (Swamp:4)
  A shadow imp (D:7)
  A white imp (D:6)
  4 ufetubi
  11 dart slugs
  116 orcs
  5 bats
  13 endoplasms
  5 giant cockroaches
  9 goblins
  17 hobgoblins
  A quokka (D:3)
  3 ball pythons
  2 frilled lizards (D:1)
  11 kobolds
  5 rats
  9 ball lightnings (Depths:2)
  4 starspawn tentacles
1897 creatures vanquished.

Vanquished Creatures (others)
  Boris (Depths:2)
  A golden dragon (Vaults:4)
  A lich (Vaults:5)
  A deep troll (Vaults:1)
  A deep elf pyromancer (Elf:3)
  An arcanist (D:9)
  2 bloated husks (Swamp:3)
  A water elemental (Depths:2)
  A spriggan (Swamp:3)
  An orc wizard (Orc:1)
  5 ball lightnings (Depths:2)
  4 foxfires
  10 starspawn tentacles
30 creatures vanquished.

Grand Total: 1927 creatures vanquished

Notes
Turn   | Place    | Note
-------+----------+-------------------------------------------
     0 | D:1      | Laraso the Draconian Hexslinger began the quest for the
                  | Orb.
     0 | D:1      | Reached XP level 1. HP: 16/16 MP: 2/2
    28 | D:1      | Found Saathry's Magic Scroll Emporium.
    74 | D:1      | Found Morph's Armour Shop.
    74 | D:1      | Noticed an animated crystal plate armour
    75 | D:1      | Noticed an animated shadow dragon scales
   159 | D:1      | Reached XP level 2. HP: 23/23 MP: 3/3
   171 | D:1      | Found a faded altar of an unknown god.
   178 | D:1      | Found Wusiv's Distillery.
   227 | D:1      | Learned a level 2 spell: Jinxbite
   228 | D:1      | Found Xasas's Magic Scroll Shoppe.
   448 | D:1      | Found Utzaroxu's Distillery.
   486 | D:1      | Reached XP level 3. HP: 28/28 MP: 4/4
   801 | D:2      | Noticed Sigmund
   815 | D:2      | Found a shimmering altar of Xom.
  1406 | D:3      | Found a transporter.
  1425 | D:3      | Found a transporter.
  1426 | D:3      | Noticed variable76's ghost (amateur DrSh)
  1453 | D:3      | Found a sacrificial altar of Ru.
  1526 | D:3      | Reached XP level 4. HP: 35/35 MP: 2/5
  2156 | D:4      | Noticed a scorpion
  2160 | D:4      | Killed a scorpion
  2161 | D:4      | Reached XP level 5. HP: 40/40 MP: 3/6
  2204 | D:4      | Found a glowing golden altar of the Shining One.
  2616 | D:4      | Noticed a black bear
  2626 | D:4      | Killed a black bear
  2627 | D:4      | Reached XP level 6. HP: 47/47 MP: 5/7
  2826 | D:5      | Entered Level 5 of the Dungeon
  3036 | D:5      | Found a radiant altar of Vehumet.
  3105 | D:5      | Reached skill level 5 in Ranged Weapons
  3860 | D:5      | Your scales start taking on a fiery red colour.
  3860 | D:5      | Reached XP level 7. HP: 52/52 MP: 5/8
  3860 | D:5      | Gained mutation: Your flesh is heat resistant. (rF+) [Red
                  | Draconian growth]
  4120 | D:6      | Reached skill level 5 in Hexes
  4361 | D:6      | Found a broken altar of Ashenzari.
  4570 | D:6      | Noticed Blork the orc
  4645 | D:6      | Killed Blork the orc
  4731 | D:6      | Reached XP level 8. HP: 54/59 MP: 5/9
  4992 | D:7      | Found a glowing silver altar of Zin.
  5047 | D:7      | Became a worshipper of Zin the Law-Giver
  5047 | D:7      | Reached * piety under Zin
  5099 | D:7      | Reached skill level 1 in Invocations
  5219 | D:7      | Got the Codex of the Bouncing Allies
  5538 | D:7      | Reached skill level 2 in Invocations
  5693 | D:7      | Reached skill level 3 in Invocations
  5801 | D:7      | Reached XP level 9. HP: 60/64 MP: 7/11
  5912 | D:7      | Reached ** piety under Zin
  6011 | D:7      | Identified the +5 ring mail "Juuthras" {rElec rPois Str+3
                  | Slay+3}
  6122 | D:7      | Found a staircase to the Ecumenical Temple.
  6131 | Temple   | Entered the Ecumenical Temple
  6197 | D:8      | Reached skill level 4 in Invocations
  6547 | D:8      | Reached skill level 5 in Invocations
  6990 | D:8      | Reached skill level 10 in Ranged Weapons
  7158 | D:8      | Noticed a komodo dragon
  7163 | D:8      | Killed a komodo dragon
  7164 | D:8      | Reached skill level 6 in Invocations
  7176 | D:8      | Noticed a komodo dragon
  7178 | D:8      | Identified the +1 pair of gloves of the Green Turtle {Int+6
                  | Dex+3}
  7184 | D:8      | Killed a komodo dragon
  7185 | D:8      | Reached XP level 10. HP: 71/71 MP: 14/14
  7383 | D:1      | Bought a +1 hat for 143 gold pieces
  7796 | D:8      | Found a staircase to the Lair.
  7964 | D:9      | Reached skill level 7 in Invocations
  8263 | D:9      | Noticed Maggie
  8273 | D:9      | Killed Maggie
  8386 | D:9      | Noticed a two-headed ogre
  8391 | D:9      | Killed a two-headed ogre
  8790 | D:9      | Found a staircase to the Orcish Mines.
  9018 | D:9      | Learned a level 4 spell: Cause Fear
  9021 | D:9      | Learned a level 2 spell: Blink
  9032 | D:9      | Reached skill level 8 in Invocations
  9081 | D:9      | Found a bloodstained altar of Trog.
  9083 | D:9      | Noticed a wizard
  9088 | D:9      | Killed a wizard
  9212 | D:10     | Entered Level 10 of the Dungeon
  9217 | D:10     | Reached *** piety under Zin
  9294 | D:10     | Found a flagged portal.
  9370 | Bailey   | Entered a bailey
  9601 | Bailey   | Reached XP level 11. HP: 67/77 MP: 14/17
  9723 | Bailey   | Noticed Grum
  9745 | Bailey   | Killed Grum
  9761 | Bailey   | Reached **** piety under Zin
  9761 | Bailey   | Reached ***** piety under Zin
  9761 | Bailey   | Reached ****** piety under Zin
 10544 | D:10     | Noticed an orc knight
 10559 | D:10     | Killed an orc knight
 10560 | D:10     | Reached skill level 9 in Invocations
 10817 | Lair:1   | Entered Level 1 of the Lair of Beasts
 11034 | D:1      | Bought a scroll of acquirement for 572 gold pieces
 11034 | D:1      | Acquired 543 gold pieces
 11079 | D:1      | Bought a scroll of acquirement for 572 gold pieces
 11079 | D:1      | Acquired the +0 pair of boots "Kypruass" {Slay+6}
 11456 | Orc:1    | Entered Level 1 of the Orcish Mines
 11459 | Orc:1    | Noticed an orc knight
 11860 | Lair:1   | Noticed Prince Ribbit
 11868 | Lair:1   | Killed Prince Ribbit
 11886 | Lair:1   | Reached skill level 10 in Invocations
 12066 | Lair:1   | Found an ornate altar of the Wu Jian Council.
 12066 | Lair:1   | Found a hide-covered altar of Uskayaw.
 12070 | Lair:1   | Noticed a boulder beetle
 12086 | Lair:1   | Killed a boulder beetle
 12210 | Lair:1   | Reached XP level 12. HP: 83/83 MP: 18/20
 12264 | Lair:1   | Reached skill level 11 in Invocations
 12317 | Lair:1   | Noticed a boulder beetle
 12346 | Lair:1   | Killed a boulder beetle
 12651 | D:3      | Killed variable76's ghost
 13017 | Lair:2   | Noticed a seven-headed hydra
 13025 | Lair:2   | Killed a seven-headed hydra
 13064 | Lair:2   | Reached skill level 12 in Invocations
 13400 | Lair:2   | Found a staircase to the Snake Pit.
 13707 | Lair:2   | Noticed Sonja
 13713 | Lair:2   | Reached skill level 5 in Fighting
 13713 | Lair:2   | Reached skill level 13 in Invocations
 13719 | Lair:2   | Killed Sonja
 14397 | Orc:1    | Noticed an orc warlord
 14587 | D:9      | Killed an orc warlord
 14588 | D:9      | Reached XP level 13. HP: 60/106 MP: 14/23
 14885 | Orc:2    | Entered Level 2 of the Orcish Mines
 15290 | Orc:2    | Found Suwn's Antique Weapon Shop.
 15295 | Orc:2    | Bought an arbalest for 144 gold pieces
 15641 | Orc:2    | Found a staircase to the Elven Halls.
 15937 | Orc:2    | Reached skill level 14 in Invocations
 16147 | Orc:2    | Noticed Saint Roka
 16362 | Orc:2    | Found Dixkegos's Antique Weapon Shop.
 16517 | Orc:2    | Killed Saint Roka
 16518 | Orc:2    | Reached skill level 10 in Fighting
 16575 | Orc:2    | Found Hirop's Antique Armour Shoppe.
 16577 | Orc:2    | Found Huitydgh's Antique Weapon Emporium.
 16793 | Orc:2    | Bought a cloak for 139 gold pieces
 17242 | D:11     | Found Pajelag's Book Shoppe.
 17385 | D:11     | Found Myngynimn's Book Shoppe.
 17427 | D:11     | Found Keloalum's Distillery.
 17649 | Elf:1    | Entered Level 1 of the Elven Halls
 17830 | Elf:1    | Found a radiant altar of Vehumet.
 17896 | Elf:1    | Reached skill level 15 in Ranged Weapons
 18113 | Elf:1    | Reached XP level 14. HP: 121/121 MP: 23/25
 18460 | Elf:1    | Paralysed by an air elemental for 1 turns
 18497 | Elf:1    | Found a shimmering blue altar of Sif Muna.
 18522 | Elf:1    | Reached skill level 15 in Invocations
 19312 | Elf:2    | Noticed a balrug
 19349 | Elf:2    | Reached skill level 5 in Dodging
 19465 | Elf:2    | Noticed Louise
 19489 | Elf:2    | Killed Louise
 19680 | Elf:2    | Noticed a deep elf master archer
 20146 | D:12     | Reached skill level 16 in Invocations
 20462 | D:12     | Learned a level 3 spell: Swiftness
 20468 | D:12     | Learned a level 5 spell: Silence
 20478 | D:12     | Noticed Kirke
 20489 | D:12     | Killed Kirke
 21485 | D:13     | Reached XP level 15. HP: 95/126 MP: 27/27
 21644 | D:13     | Identified the orb of the Big Bang {guile, Str+3}
 21891 | D:13     | Found a gate to the Vaults.
 22902 | D:15     | Entered Level 15 of the Dungeon
 23662 | D:15     | Found a staircase to the Depths.
 23777 | D:15     | Identified the +8 spear of Aroyhe {venom, rC+ Int+7}
 24837 | Elf:2    | Paralysed by an air elemental for 1 turns
 24967 | Elf:2    | Reached skill level 17 in Invocations
 24978 | Elf:2    | Found a runed translucent gate.
 24979 | Elf:2    | Found a runed translucent gate.
 24979 | Elf:2    | Found a runed translucent gate.
 25074 | Elf:2    | Reached skill level 10 in Dodging
 25397 | Elf:2    | Found Idorec's Book Boutique.
 25397 | Elf:2    | Found Colug's Jewellery Emporium.
 25398 | Elf:2    | Found Cusoubbatry's Book Boutique.
 25647 | Elf:2    | Killed a deep elf master archer
 26005 | D:1      | Bought a scroll of identify for 22 gold pieces
 26005 | D:1      | Bought a scroll of enchant armour for 82 gold pieces
 26443 | Elf:3    | Entered Level 3 of the Elven Halls
 27807 | Lair:3   | Identified the orb of a Thousand Beasts {*channel, Slay+2}
 27841 | Lair:3   | Found a staircase to the Swamp.
 28483 | Lair:4   | Found a staircase to the Slime Pits.
 28483 | Lair:4   | Found a viscous altar of Jiyva.
 28529 | Lair:4   | Noticed Nessos
 28538 | Lair:4   | Killed Nessos
 28768 | Lair:4   | Found a hide-covered altar of Uskayaw.
 29228 | Lair:5   | Entered Level 5 of the Lair of Beasts
 29315 | Lair:5   | Reached XP level 16. HP: 134/134 MP: 28/28
 29488 | Lair:5   | Reached skill level 18 in Invocations
 29882 | Lair:5   | Identified the +1 ring mail "Giqounwigel" {rF+ Int+3}
 31242 | Snake:1  | Entered Level 1 of the Snake Pit
 31242 | Snake:1  | Noticed Agnes
 31327 | Swamp:1  | Entered Level 1 of the Swamp
 31398 | Swamp:1  | Identified the +1 dagger "Boungun" {flame, *Corrode rElec
                  | rPois rF- rN+++}
 31458 | Swamp:1  | Found a runed translucent gate.
 31485 | Swamp:1  | Found a runed translucent gate.
 31522 | Swamp:1  | Found a runed translucent gate.
 31527 | Swamp:1  | Noticed Kikiss's ghost (adept DrSh)
 31580 | Swamp:1  | You fall into a shaft and drop 1 floor!
 31748 | Swamp:1  | Acquired 1026 gold pieces
 32584 | Swamp:3  | Reached skill level 19 in Invocations
 32731 | Swamp:3  | Reached XP level 17. HP: 128/140 MP: 30/30
 33587 | Swamp:4  | Entered Level 4 of the Swamp
 34006 | Swamp:4  | Noticed a tentacled monstrosity
 34393 | Swamp:4  | Reached skill level 20 in Invocations
 34424 | Swamp:4  | Reached skill level 1 in Translocations
 34424 | Swamp:4  | Reached skill level 1 in Air Magic
 34434 | Swamp:4  | Killed a tentacled monstrosity
 35132 | Swamp:4  | Found a blossoming altar of Fedhas.
 35136 | Swamp:4  | Reached XP level 18. HP: 147/147 MP: 32/32
 35152 | Swamp:4  | Got a decaying rune of Zot
 35172 | Swamp:4  | Found a basalt altar of Yredelemnul.
 35403 | Lair:2   | Killed Agnes
 35608 | Snake:1  | Identified the granite talisman "Talaxus" {Will+ Str-5
                  | Dex+3}
 35608 | Snake:1  | Noticed Roxanne
 35630 | Snake:1  | Killed Roxanne
 35648 | Snake:1  | Got Ladgh's Atlas of Forceful Displacement
 36741 | Snake:2  | Found Ylixagen's General Store.
 36743 | Snake:2  | Found Zus Vogeu's Assorted Antiques.
 36745 | Snake:2  | Found Giuh's Antique Armour Boutique.
 36774 | Snake:2  | Bought a pair of crude gloves for 399 gold pieces
 36774 | Snake:2  | Identified the +0 pair of gloves of the Scribe {rPois rCorr
                  | Str-5} (You bought it in a shop on level 2 of the Snake
                  | Pit)
 36774 | Snake:2  | Bought a runed scarf for 336 gold pieces
 36990 | Snake:2  | Reached skill level 21 in Invocations
 37575 | Snake:3  | Noticed Vashnia
 37587 | Snake:3  | Killed Vashnia
 38087 | Snake:4  | Entered Level 4 of the Snake Pit
 38657 | Snake:4  | Reached XP level 19. HP: 154/154 MP: 33/33
 38790 | Snake:4  | Found a runed translucent door.
 38790 | Snake:4  | Noticed Noblape's ghost (adept OnBe)
 38838 | Snake:4  | Learned a level 3 spell: Dazzling Flash
 38852 | Snake:4  | Learned a level 1 spell: Apportation
 39591 | Snake:4  | Got a serpentine rune of Zot
 40722 | Elf:3    | Reached skill level 22 in Invocations
 41032 | Elf:3    | Reached skill level 15 in Dodging
 41363 | Elf:3    | Identified the ring of Peace {Fly EV+5 Str+3 Dex+3}
 41368 | Elf:3    | Noticed a Tzitzimitl
 41468 | Elf:3    | Noticed a Brimstone Fiend
 41468 | Abyss:2  | Cast into level 2 of the Abyss (a deep elf demonologist)
 41492 | Abyss:2  | Found a corrupted altar of Lugonu.
 41525 | Abyss:2  | Reached skill level 1 in Stealth
 41624 | Abyss:2  | Noticed a bone dragon
 41647 | Abyss:2  | Killed a bone dragon
 41749 | Elf:3    | Escaped the Abyss
 41753 | Elf:3    | Identified the +3 broad axe of Yliunn {drain, rN+ Str+3}
 41788 | Elf:3    | Noticed a Brimstone Fiend
 41987 | Elf:3    | Reached skill level 5 in Stealth
 42029 | Abyss:3  | Cast into level 3 of the Abyss (a deep elf demonologist)
 42039 | Elf:3    | Escaped the Abyss
 42185 | Elf:3    | Identified the +2 long sword of the Telling King {flame,
                  | rN+}
 42430 | Elf:3    | Identified the +3 plate armour "Lowuyl" {Fly MP+9 Str+4
                  | Stlth+}
 42453 | Elf:3    | Got Uda Otao's Disquisition on Nival Invitation
 42495 | Elf:3    | Identified the staff of Vanity {Str+2 Conj}
 42502 | Elf:3    | Identified the +8 falchion "Megrem" {vamp, Str-2 Int+4
                  | Stlth+}
 42985 | Vaults:1 | Entered Level 1 of the Vaults
 43092 | Vaults:1 | Reached XP level 20. HP: 115/157 MP: 35/35
 43296 | Vaults:1 | Reached skill level 23 in Invocations
 43532 | Vaults:1 | Found a portal to a secret trove of treasure.
 43789 | Vaults:1 | Found a runed translucent gate.
 43789 | Vaults:1 | Found a runed translucent gate.
 43789 | Vaults:1 | Found a runed translucent gate.
 44575 | Vaults:2 | Noticed a bone dragon
 44585 | Vaults:2 | Killed a bone dragon
 44787 | Vaults:2 | Noticed Boris
 44799 | Vaults:2 | Killed Boris
 45040 | Vaults:2 | Found a staircase to the Crypt.
 45333 | Vaults:2 | Identified the +1 dagger of Ucopp {freeze, *Noise *Slow
                  | rN+++ Str+3}
 46034 | Vaults:2 | Reached skill level 24 in Invocations
 46124 | Vaults:3 | Reached XP level 21. HP: 168/168 MP: 37/37
 46261 | Vaults:3 | Found a magical portal.
 46270 | WizLab   | Entered Cigotuvi's Fleshworks
 46768 | WizLab   | Found the +4 Cigotuvi's embrace {Corpsefed rMiasma ^Drain
                  | rN+}
 46922 | WizLab   | Got Cigotuvi's Teachings on Impurities and Diablerie
 47428 | Vaults:3 | Identified the +4 dagger of the Badger {protect, Int+2}
 49174 | Vaults:4 | Noticed Boris
 49185 | Vaults:4 | Killed Boris
 49264 | Vaults:4 | Reached skill level 25 in Invocations
 50004 | Depths:1 | Entered Level 1 of the Depths
 50309 | Depths:1 | Reached XP level 22. HP: 174/174 MP: 38/38
 50546 | Depths:1 | Found a gateway to Hell.
 51398 | Depths:2 | Noticed Bai Suzhen
 51414 | Depths:2 | Killed Bai Suzhen
 51470 | Depths:2 | Paralysed by an air elemental for 1 turns
 51634 | Depths:2 | Paralysed by an air elemental for 1 turns
 51922 | Depths:2 | Identified the +8 quarterstaff "Tutwuki" {venom, rPois
                  | Str+7 Dex-2 SInv}
 52080 | Depths:2 | Identified the +5 great sword of the Scroll {flame, Str+4}
 52080 | Depths:2 | Noticed Boris
 52095 | Depths:2 | Killed Boris
 52379 | Depths:2 | Found a one-way gate leading to the halls of Pandemonium.
 52394 | Depths:2 | Identified the ring of Jolaa {*Slow +Blink rElec rC+ Int+2}
 52848 | Depths:3 | Noticed a golden dragon
 52859 | Depths:3 | Killed a golden dragon
 53164 | Depths:3 | Found a one-way gate to the infinite horrors of the Abyss.
 53465 | Depths:3 | Reached skill level 26 in Invocations
 53807 | Depths:3 | Noticed a golden dragon
 53823 | Depths:3 | Killed a golden dragon
 53918 | Depths:3 | Noticed a golden dragon
 53918 | Depths:3 | Noticed a golden dragon
 53924 | Depths:3 | Killed a golden dragon
 53933 | Depths:3 | Killed a golden dragon
 54043 | Depths:4 | Entered Level 4 of the Depths
 54062 | Depths:4 | Identified the orb of Laduli {*channel, +Blink}
 54062 | Depths:4 | Noticed Frederick
 54078 | Depths:4 | Killed Frederick
 54079 | Depths:4 | Reached XP level 23. HP: 95/181 MP: 40/40
 54245 | Depths:4 | Found a one-way gateway to a ziggurat.
 54361 | Depths:4 | Noticed Mennas
 54423 | Depths:3 | Voluntarily entered the Abyss.
 54533 | Abyss:3  | Got an abyssal rune of Zot
 54613 | Depths:3 | Escaped the Abyss
 54842 | Vaults:5 | Entered Level 5 of the Vaults
 55126 | Vaults:4 | Reached skill level 27 in Invocations
 55739 | Vaults:4 | Learned a level 1 spell: Slow
 55796 | Vaults:5 | Noticed a dread lich
 55850 | Vaults:5 | Paralysed by something for 4 turns
 55852 | Vaults:5 | Noticed a dread lich
 55852 | Vaults:5 | Annihilated by an Ice Fiend

Illustrated notes

Levels and vault maps discovered:
D:1:      eino_arrival_druids_welcome, layout_basic, serial_shops, shop, shop,
          nicolae_shop_competitors_out_of_business,
          nicolae_shop_temple_entry_statues_fountains, nicolae_shop_mannequins,
          ebering_ecumenical_altar_box, st_stairs_1, kennysheep_pointless_box,
          minmay_indecisive_spiral
D:2:      layout_basic, basic_altar, uniq_sigmund
D:3:      layout_loops_ring, mainiacjoe_overflow_concentric_impassable,
          gammafunk_ghost_stat_death
D:4:      layout_gridville, amcnicky_altar_gilded
D:5:      layout_loops_corners, vehumet_altar_wand_db
D:6:      layout_cave_pools, ashenzari_altar_1, dk_noncrumbling_2,
          hangedman_abyss_or_decor_passed, uniq_blork_the_orc
D:7:      kennysheep_slugbush, layout_gridville, zin_statuary, temple_hall
D:8:      layout_loops_cross, erik_lair_dragon
D:9:      layout_roguey, trog_wizard, hiddenorc1_lemuel, uniq_maggie
D:10:     cheibrodos_orc_bank, layout_rooms, enter_bailey_1
D:11:     layout_irregular_city, serial_shops, shop,
          nicolae_shop_competitors_out_of_business, nicolae_shop_real_fake_doors
D:12:     layout_basic, serial_rivers, chequers_serial_rivers_micro_c,
          chequers_serial_rivers_micro_d, chequers_serial_rivers_large_a,
          chequers_serial_rivers_micro_c, uniq_kirke
D:13:     layout_long_grid, erik_vaults_1, kennysheep_generic_room_2
D:14:     layout_grid_maze, nicolae_titane
D:15:     hangedman_depths_entry_civil_slaughter, layout_grid_maze
Temple:   compressed_dpeg_triangle_lava_temple
Lair:1:   layout_big_grid, nzn_masters_of_martial_movement, grunt_megastairs_4,
          uniq_prince_ribbit2
Lair:2:   layout_roguey, minmay_snake_entry_spellcaster, uniq_sonja
Lair:3:   layout_regular_city, minmay_swamp_entry_swarm,
          infiniplex_staircase_pool
Lair:4:   layout_cave_pods, nicolae_slime_entry_slimehenge, basic_altar,
          uniq_nessos
Lair:5:   minmay_lair_end_enchanted_forest, layout_loops_ring,
          infiniplex_staircase_pool_2, grunt_megastairs_2
Swamp:1:  layout_basic_swamp, gammafunk_ghost_necromancy,
          hangedman_swamp_ruin_hall, swamp_pool_1_2
Swamp:2:  layout_basic_swamp, nicolae_swamp_feature_on_the_river_bank
Swamp:3:  nzn_winding_woodlands_small [nzn_winding_woodlands_5x15_pool,
          nzn_winding_woodlands_center_garden, nzn_winding_woodlands_5x15_eye],
          layout_falls_marsh, evilmike_swamp_ruin_house_4, swamp_pool_1_2,
          nicolae_swamp_rocky_clearing, hangedman_swamp_ravenous
Swamp:4:  byrel_swamp_growth_death_and_undeath, layout_basic_swamp
Snake:1:  layout_rooms, grunt_megastairs_3, uniq_roxanne, uniq_agnes
Snake:2:  layout_gridlike, nicolae_snake_dead_anacondas, minmay_shop_star,
          grunt_megastairs_5
Snake:3:  layout_rooms, drop_trap, uniq_vashnia
Snake:4:  johnstein_snake_rune_scales, layout_onion, gammafunk_ghost_grave,
          abandoned_shop, st_stairs_7, serial_bayou_shore_b,
          serial_bayou_shore_b, uniq_saint_roka
Orc:1:    orc_temple, layout_caves
Orc:2:    grunt_orc_community_town_hall, layout_caves,
          grunt_orc_community_big_house_2, grunt_orc_community_big_house_1,
          grunt_orc_community_house_3, grunt_orc_community_house_1,
          grunt_orc_community_house_1, grunt_orc_community_house_1,
          grunt_orc_community_house_1, grunt_orc_community_house_3,
          regret_index_minedec_guest_junction
Elf:1:    eino_elf_arrival_altar, layout_gridlike, basic_altar,
          hangedman_corner_corridor
Elf:2:    nicolae_elf_blades_crystal_corner, layout_loops_corners,
          nicolae_elf_archery_training, minmay_shop_grove, uniq_louise
Elf:3:    minmay_elf_hall_hex, layout_geoelf_octagon
Vaults:1: abrahamwl_protected_by_tso_2, nicolae_vaults_wine_cellar,
          nicolae_vaults_big_ls, vaults_room_grid,
          hangedman_vaults_stretched_pinwheel, hangedman_vaults_pinch,
          v_misc_13, nicolae_vaults_trapezoid_2,
          nicolae_vaults_heart-shaped_vault, nicolae_vaults_specimen_jars,
          layout_vaults_chaotic_city, enter_trove_3
Vaults:2: serial_library_hellmonk_angled_corner,
          minmay_crypt_entry_nasty_monster, ontoclasm_vaults_twist,
          ontoclasm_vaults_fault, nicolae_vaults_theta,
          nicolae_vaults_trapezoid_lopsided_4, grunt_vaults_hallway_short,
          vaults_dpeg_cross, vaults_dpeg_emergency_exit,
          nicolae_vaults_surprise_closet, layout_vaults_omnigrid, uniq_boris
Vaults:3: infiniplex_enter_wizlab_water, nicolae_vaults_tetromino_L_2,
          ontoclasm_vaults_chip, v_misc_33, nicolae_vaults_trapezoid_layered,
          vaults_dpeg_encased_lava, nicolae_vaults_alarming,
          nicolae_vaults_circle_grid_a, st_star, v_rooms_1,
          nicolae_vaults_double_plus_1, nicolae_vaults_closet_pinwheel_6,
          nicolae_vaults_trapezoid_lopsided_2,
          nicolae_vaults_stairing_the_circle, layout_vaults_omnicross
Vaults:4: nicolae_vaults_theta, nicolae_vaults_frosty_reception,
          nicolae_vaults_whirlpool_walls, v_misc_9, v_pattern_1, v_misc_33,
          v_rooms_6, vaults_room_hallway, grunt_vaults_hallway_short,
          nicolae_vaults_turnstiles, nicolae_vaults_diagonal_hallway_7,
          nicolae_vaults_tetromino_T_2, nicolae_vaults_little_squares_4,
          layout_vaults_maze_bifur
Vaults:5: serial_shops
Depths:1: layout_gridville, dk_noncrumbling_3, lightli_too_deep,
          grunt_ministairs_3, st_stairs_12, minmay_evil_grid
Depths:2: radiant_caverns_a_rkd, pan_entry, hell_entry, uniq_bai_suzhen
Depths:3: hangedman_stitches_corridor, layout_gridlike, abyss_entry_glasseish,
          hell_entry
Depths:4: grunt_zot_entry_funnels, layout_gridlike, enter_ziggurat_f,
          rand_demon_pan_entry_4, hell_entry, lemuel_blue_sif_altar,
          lightli_gold_pyramid, serial_bayou_shore_b, uniq_frederick,
          uniq_mennas

Skill      XL: |  1  2  3  4  5  6  7  8  9 10 11 12 13 14 15 16 17 18 19 20 21 22 23 |
---------------+----------------------------------------------------------------------+-----
Ranged Weapons | 2 3 4 5 7 8 10 12 14 15 16 18 20 | 20.0
Hexes          | 3 4 5 6 7 |  7.0
Invocations    | 3 6 8 10 13 14 16 17 19 20 21 22 24 25 26 27 | 27.0
Spellcasting   | 2 4 |  4.0
Fighting       | 7 10 12 | 12.5
Dodging        | 7 10 13 15 17 19 21 22 | 22.0
Translocations | 4 |  4.0
Air Magic      | 4 |  4.0
Stealth        | 6 7 |  7.0
Fire Magic     | |  1.2

Action                     |  1- 3 |  4- 6 |  7- 9 | 10-12 | 13-15 | 16-18 | 19-21 | 22-24 || total
---------------------------+-------+-------+-------+-------+-------+-------+-------+-------++-------
  Melee: Sling             |       |       |     3 |       |       |       |       |       ||     3
   Fire: Sling             |   115 |   140 |   260 |       |       |       |       |       ||   515
         Shortbow          |       |       |    53 |  1017 |   412 |       |       |       ||  1482
         Arbalest          |       |       |       |       |   711 |   647 |     4 |       ||  1362
         Orcbow            |       |       |       |       |    59 |       |       |       ||    59
         Longbow           |       |       |       |       |       |   944 |  1831 |  1217 ||  3992
         Hand cannon       |       |       |       |       |       |       |     7 |       ||     7
   Cast: Jinxbite          |     3 |    14 |    38 |    88 |    28 |     1 |       |       ||   172
         Blink             |       |       |       |     2 |       |       |       |       ||     2
         Swiftness         |       |       |       |       |       |     1 |     2 |       ||     3
         Apportation       |       |       |       |       |       |       |     8 |       ||     8
 Invoke: Recite            |       |       |       |    10 |    35 |    23 |    53 |    29 ||   150
         Vitalisation      |       |       |       |       |     1 |       |       |       ||     1
         Imprison          |       |       |       |       |     1 |       |     1 |       ||     2
Ability: Breathe Fire      |       |       |    22 |    43 |    28 |    10 |     2 |       ||   105
  Evoke: Wand              |       |       |       |     3 |       |       |       |       ||     3
         Condenser vane    |       |       |       |       |     2 |       |       |       ||     2
    Use: Scroll            |       |     6 |    11 |     6 |    15 |     6 |     9 |     2 ||    55
         Potion            |       |       |       |     2 |     7 |       |     3 |       ||    12
 Armour: Skin              |    27 |    52 |    98 |   234 |   307 |   269 |   224 |   225 ||  1436
  Dodge: Dodged            |    22 |    84 |    92 |   449 |   403 |   677 |   686 |   964 ||  3377
         Repelled          |       |       |       |       |       |       |     9 |    14 ||    23

Table legend: (Time is in decaauts)
 A = Elapsed time spent in this place.
 B = Non-inter-level travel time spent in this place.
 C = Inter-level travel time spent in this place.
 D = Time resting spent in this place.
 E = Time spent auto-exploring this place.
 F = Levels seen in this place.
 G = Mean time per level.
                   A        B        C        D        E       F      G
               +--------+--------+--------+--------+--------+-----+--------+
         Total |  54939 |  47184 |   7755 |   7586 |  24575 |  49 | 1121.2 |
       Dungeon |  18367 |  14078 |   4289 |   1657 |   9733 |  15 | 1224.5 |
        Temple |      1 |      1 |      0 |      0 |      0 |   1 |    1.0 |
          Lair |   5206 |   4659 |    547 |    211 |   3214 |   5 | 1041.2 |
         Swamp |   4227 |   3869 |    358 |    815 |   1704 |   4 | 1056.8 |
     Snake Pit |   4317 |   4001 |    316 |    865 |   1625 |   4 | 1079.2 |
  Orcish Mines |   3082 |   2360 |    722 |    127 |   1271 |   2 | 1541.0 |
   Elven Halls |   6587 |   5683 |    904 |   1663 |   1639 |   3 | 2195.7 |
        Vaults |   6545 |   6254 |    291 |   1148 |   3123 |   5 | 1309.0 |
        Depths |   4328 |   4004 |    324 |    607 |   2017 |   4 | 1082.0 |
         Abyss |    420 |    420 |      0 |     15 |      0 |   4 |  105.0 |
        Bailey |    772 |    772 |      0 |     82 |    235 |   1 |  772.0 |
        Wizlab |   1081 |   1081 |      0 |    393 |     13 |   1 | 1081.0 |
               +--------+--------+--------+--------+--------+-----+--------+

Top non-repeatable levels by time:
     D:8: 2506 daAuts
   Elf:1: 2411 daAuts
   Elf:3: 2400 daAuts
   Orc:2: 2288 daAuts
     D:9: 2080 daAuts
Vaults:4: 1986 daAuts
     D:7: 1780 daAuts
   Elf:2: 1776 daAuts
 Swamp:3: 1732 daAuts
Vaults:3: 1693 daAuts
Vaults:1: 1523 daAuts
Depths:2: 1500 daAuts
 Snake:4: 1497 daAuts
     D:5: 1487 daAuts
  Lair:2: 1463 daAuts
